 Dungeon Crawl Stone Soup version 0.21.1 (webtiles) character file.

116 Gargoyl the Skirmisher (level 4, 0/38 HPs)
             Began as a Centaur Abyssal Knight on Feb 2, 2018.
             Was a Believer of Lugonu.
             Slain by Grinder (3 damage)
             ... while paralysed by Grinder
             ... on level 3 of the Dungeon.
             The game lasted 00:04:51 (2426 turns).

Gargoyl the Skirmisher (Centaur Abyssal Knight)     Turns: 2426, Time: 00:04:52

Health: 0/38       AC:  8    Str: 15    XL:     4   Next: 70%
Magic:  6/6        EV:  1    Int: 11    God:    Lugonu [**....]
Gold:   174        SH:  0    Dex:  9    Spells: 3/3 levels left

rFire    . . .     SeeInvis .   a - +3 hand axe
rCold    . . .     Gourm    .   (no shield)
rNeg     . . .     Faith    .   e - +0 chain mail
rPois    .         Spirit   .   i - +0 helmet
rElec    .         Reflect  .   (no cloak)
rCorr    .         Harm     .   (no gloves)
MR       .....                  (no barding)
Stlth    ..........             (no amulet)
HPRegen  0.12/turn              (no ring)
MPRegen  0.10/turn              (no ring)

@: paralysed, very quick
A: large, hooves 3, deformed body, speed 2, tough skin 3
a: Depart the Abyss, Bend Space, Renounce Religion


You were on level 3 of the Dungeon.
You worshipped Lugonu.
Lugonu was pleased with you.
You were not hungry.

You visited 1 branch of the dungeon, and saw 3 of its levels.
You visited the Abyss 1 time.

You collected 174 gold pieces.

Inventory:

Hand Weapons
 a - a +3 hand axe (weapon)
Missiles
 f - 6 javelins (quivered)
Armour
 e - a +0 chain mail (worn)
 i - a +0 helmet (worn)
Scrolls
 d - 3 scrolls of identify
 l - 2 scrolls of teleportation
Potions
 b - 2 potions of curing
 g - a potion of experience {unknown}
 h - a potion of magic {unknown}
 j - a potion of mutation {unknown}
 k - 2 potions of ambrosia {unknown}
 m - a potion of lignification {unknown}
 p - a potion of invisibility {unknown}
Comestibles
 c - 4 rations
 o - 3 chunks of flesh


   Skills:
 + Level 3.4 Fighting
 + Level 3.0 Axes
 * Level 2.1 Armour
 + Level 0.8 Dodging
 * Level 3.0 Invocations


You had 3 spell levels left.
You didn't know any spells.

Dungeon Overview and Level Annotations

Branches:
Dungeon (3/15)

Altars:
Okawaru

Annotations:
D:3 Grinder


Innate Abilities, Weirdness & Mutations

You have hooves in place of feet.
Armour fits poorly on your strangely shaped body.
You cover ground very quickly.
You have extremely tough skin. (AC +3)


Message History

Grinder is heavily wounded.
You hit the leopard gecko. The bat barely misses you.
The leopard gecko bites you but does no damage.
Grinder hits you!
* * * LOW HITPOINT WARNING * * *
You writhe in agony.
* * * LOW HITPOINT WARNING * * *
The bat hits you.
* * * LOW HITPOINT WARNING * * *
The leopard gecko bites you but does no damage.
Unknown command.
You hit Grinder. Your kick misses Grinder.
Grinder is severely wounded.
You hit the leopard gecko.
You kill the leopard gecko!
Lugonu accepts your kill.
You closely miss the bat. The bat hits you but does no damage. x2
Grinder gestures at you.
You suddenly lose the ability to move!
Grinder hits you.
You die...

##########.......
.................
##########.............
#.......####..######...
#.......##...## ###..
#.......##.### ####....
#......(##.#####....#..
#................##...#
#.....@†.##########.###
#....b5....#.....##.#
#.................#.#
#..................(###
#..?...................
#.##...............####
#..
................###. ..
.#...............##..
............


You could see Grinder and a bat.

Vanquished Creatures
  Robin (D:2)
  An adder (D:2)
  2 oozes
  2 worms
  A dart slug (D:1)
  3 leopard geckos
  3 orcs
  3 ball pythons (D:2)
  3 giant cockroaches
  13 goblins
  11 hobgoblins
  6 jackals (D:1)
  6 kobolds
  7 bats
  5 frilled lizards
  2 rats
69 creatures vanquished.

Notes
Turn   | Place    | Note
-------+----------+-------------------------------------------
     0 | Abyss:1  | Gargoyl the Centaur Abyssal Knight began the quest for the Orb.
     0 | Abyss:1  | Reached XP level 1. HP: 19/19 MP: 2/2
   119 | Abyss:2  | Noticed a wight
   119 | Abyss:2  | Noticed a wight
   119 | D:1      | Escaped the Abyss
   186 | D:1      | Reached XP level 2. HP: 19/26 MP: 3/3
   472 | D:1      | Reached * piety under Lugonu
   502 | D:1      | Reached XP level 3. HP: 15/31 MP: 4/4
  1119 | D:2      | Noticed Robin
  1140 | D:2      | Killed Robin
  1466 | D:2      | Reached XP level 4. HP: 38/38 MP: 5/5
  1558 | D:2      | Reached ** piety under Lugonu
  2108 | D:3      | Found an iron altar of Okawaru.
  2412 | D:3      | Noticed Grinder
  2412 | D:3      | Paralysed by Grinder for 6 turns
  2426 | D:3      | Paralysed by Grinder for 7 turns
  2426 | D:3      | Slain by Grinder

Skill      XL: |  1  2  3  4 |
---------------+-------------+-----
Axes           | 2 3 |  3.0
Armour         | 2 |  2.1
Invocations    | 3 |  3.0
Fighting       | |  3.4
Dodging        | |  0.8

Action                   |  1- 3 |  4- 6 || total
-------------------------+-------+-------++-------
Melee: Hand axe          |   117 |    62 ||   179
       Kick              |    14 |     8 ||    22
Invok: Depart the Abyss  |     1 |       ||     1
  Use: Scroll            |     5 |     5 ||    10
  Eat: Chunk             |     1 |     3 ||     4
Armor: Leather armour    |     3 |       ||     3
       Chain mail        |    77 |    86 ||   163
Dodge: Dodged            |    34 |    23 ||    57
